 Dungeon Crawl Stone Soup version 0.31-a0-986-g5e6e4ef867 (webtiles) character file.

Game seed: 65379634017155160

1191 croobank the Sneak (level 8, -5/51 (54) HPs)
             Began as an Octopode Conjurer on Nov 21, 2023.
             Was a Believer of Uskayaw.
             Slain by a wight
             ... wielding a +1 long sword
              (11 damage)
             ... on level 6 of the Dungeon.
             The game lasted 00:15:14 (6929 turns).

croobank the Sneak (Octopode Conjurer)              Turns: 6929, Time: 00:15:14

HP:   -5/51 (54)    AC:  5    Str: 13    XL:     8   Next: 43%
MP:   5/13          EV: 14    Int: 22    God:    Uskayaw [**....]
Gold: 282           SH:  0    Dex: 10    Spells: 8/14 levels left

rFire   . . .        d - +0 short sword
rCold   . . .        (no shield)
rNeg    . . .        (helmet restricted)
rPois   .            (no amulet)
rElec   .            k - +4 ring of protection
rCorr   +            w - ring of resist corrosion
SInv    .            y - +6 ring of strength
Will    .....        (no ring)
Stlth   ++++         (no ring)
HPRegen 0.28/turn    (no ring)
MPRegen 0.13/turn    (no ring)
                     (no ring)

%: no passive effects
@: drained
A: almost no armour, amphibious, 8 rings, camouflage 1, gelatinous body 1,
(nimble swimmer 1), tentacles
a: Renounce Religion, Stomp, Line Pass


You were on level 6 of the Dungeon.
You worshipped Uskayaw.
Uskayaw was noncommittal.
You visited 1 branch of the dungeon, and saw 6 of its levels.

You collected 282 gold pieces.

Inventory:

Hand Weapons
 b - a +0 sling
 d - a +0 short sword (weapon)
 e - a +0 dagger
 g - a +0 trident of protection
 q - a +2 hand axe of flaming
 B - a +1 scimitar
 C - a +4 halberd of freezing
 D - a +2 long sword
Missiles
 h - 6 boomerangs
 l - 3 javelins
 o - 11 poisoned darts
Jewellery
 a - an amulet of the acrobat
 k - a +4 ring of protection (left tentacle)
 w - a ring of resist corrosion (right tentacle)
 y - a +6 ring of strength (on tentacle)
Wands
 v - a wand of charming (11)
Scrolls
 i - a scroll of torment {unknown}
 r - 2 scrolls of silence {unknown}
 s - a scroll of blinking {unknown}
 u - a scroll of poison {unknown}
 x - 3 scrolls of noise {unknown}
 z - 2 scrolls of teleportation {unknown}
Potions
 c - 2 potions of mutation
 f - a potion of attraction
 j - a potion of brilliance {unknown}
 m - 2 potions of curing {unknown}
 n - a potion of might {unknown}
 p - 2 potions of resistance {unknown}
 t - 2 potions of haste {unknown}
 A - 2 potions of invisibility {unknown}


   Skills:
 + Level 3.7 Fighting
 + Level 4.2 Dodging
 + Level 5.8 Stealth
 + Level 3.7 Spellcasting
 + Level 5.4 Conjurations
 + Level 0.1 Hexes
 * Level 5.3 Invocations


You had 8 spell levels left.
You knew the following spells:

 Your Spells              Type           Power      Damage    Failure   Level
a - Magic Dart            Conj           100%       1d8       1%          1
b - Searing Ray           Conj           56%        2d6       1%          2
c - Dazzling Flash        Conj/Hex       32%        N/A       11%         3

Your spell library contained the following spells:

 Spells                   Type           Power      Damage    Failure   Level
 Shock                    Conj/Air       64%        1d7       3%          1
 Swiftness                Air            4%         N/A       34%         3
 Fulminant Prism          Conj/Hex       8%         3d6       36%         4
 Iskenderun's Mystic Bla  Conj/Tloc      16%        2d5       36%         4
 Airstrike                Air            2%         2d(1-17)  75%         4


Dungeon Overview and Level Annotations

Branches:
Dungeon (6/15)             Temple (0/1) D:5

Altars:
Elyvilon
Uskayaw
Zin


Innate Abilities, Weirdness & Mutations

You cannot wear most types of armour.
You are amphibious.
You can wear up to eight rings at the same time.
Your skin changes colour to match your surroundings (Stealth+).
Your rubbery body absorbs attacks. (AC +1, EV +1)
((You are camouflaged when in or above water. (Stealth+)))
You have tentacles for arms and can constrict up to eight enemies at once.


Message History

You climb downwards.
There is a stone staircase leading up here.
There are monsters nearby!
You stomp with the beat, sending a shockwave through the revellers around you!
You can no longer stomp with the beat.
Casting: Magic Dart (safe; 1% risk of failure)
Confirm with . or Enter, or press ? or * to list all spells.
Aiming: Searing Ray (safe; 1% risk of failure)
Press: ? - help, Shift-Dir - straight line, f - wight
Aim: a wight, wielding a +1 long sword and wearing a +0 robe (79% to hit)
The searing ray hits the wight.
The wight is moderately damaged. (Press . to maintain the ray.)
The wight hits you with a +1 long sword!
The searing ray hits the wight but does no damage.
The wight is moderately damaged.
The searing ray hits the wight.
The wight is moderately damaged.
The searing ray hits the wight.
The wight is heavily damaged.
The wight closely misses you.
You can now stomp with the beat.
The searing ray hits the wight.
The wight is heavily damaged.
The searing ray hits the wight!
The wight is almost destroyed.
The wight hits you with a +0 dire flail!
You feel drained. The wight closely misses you. The wight barely misses you.
You can now pass through a line of other dancers.
The searing ray hits the wight but does no damage.
The wight is almost destroyed.
You finish channelling your searing ray.
The wight barely misses you. The wight closely misses you.
The wight hits you with a +0 dire flail.
You feel drained. The wight barely misses you.
You can't go down here!
The wight hits you with a +4 great sword!
* * * LOW HITPOINT WARNING * * *
The wight hits you with a +1 long sword!
You die...

##########
#........#
#........#
#....zz..#
#....z.@.+
##+###zz##
#..# ....
.....
.......
....####
.....


You could see 5 wights.

Vanquished Creatures
  Sigmund (D:3)
  A steam dragon (D:4)
  A phantom (D:5)
  A scorpion (D:5)
  4 wights (D:5)
  2 orc priests (D:3)
  2 hounds
  Natasha (thrice) (D:3)
  Ijyb (D:3)
  An iguana (D:5)
  2 orc wizards
  12 adders
  2 shadow imps
  A worm (D:3)
  15 orcs
  6 ball pythons
  11 bats
  7 endoplasms
  6 giant cockroaches
  6 goblins
  12 hobgoblins
  5 jackals
  6 quokkas
  7 frilled lizards
  9 kobolds
  5 rats
129 creatures vanquished.

Vanquished Creatures (others)
  An adder (D:4)
  A worm (D:4)
2 creatures vanquished.

Grand Total: 131 creatures vanquished

Notes
Turn   | Place    | Note
-------+----------+-------------------------------------------
     0 | D:1      | croobank the Octopode Conjurer began the quest for the Orb.
     0 | D:1      | Reached XP level 1. HP: 11/11 MP: 3/3
    22 | D:1      | Found a faded altar of an unknown god.
   243 | D:1      | Prayed at the altar of an unknown god.
   243 | D:1      | Became a worshipper of Uskayaw the Reveller
   243 | D:1      | Reached * piety under Uskayaw
   262 | D:1      | Reached XP level 2. HP: 18/18 MP: 1/5
   330 | D:1      | Reached ** piety under Uskayaw
   335 | D:1      | Learned a level 2 spell: Searing Ray
   647 | D:1      | Reached skill level 1 in Invocations
   647 | D:1      | Reached XP level 3. HP: 22/22 MP: 4/6
   856 | D:1      | Reached skill level 1 in Fighting
  1596 | D:2      | Reached XP level 4. HP: 28/28 MP: 7/7
  2378 | D:3      | Reached *** piety under Uskayaw
  2386 | D:3      | Reached **** piety under Uskayaw
  2392 | D:3      | Reached ***** piety under Uskayaw
  2394 | D:3      | Reached XP level 5. HP: 8/33 MP: 0/8
  2509 | D:3      | Found a white marble altar of Elyvilon.
  2694 | D:3      | Noticed Sigmund
  2699 | D:3      | Killed Sigmund
  2700 | D:3      | Reached XP level 6. HP: 39/39 MP: 1/10
  3063 | D:3      | Noticed Natasha
  3068 | D:3      | Killed Natasha
  3331 | D:3      | Noticed Ijyb
  3342 | D:3      | Killed Ijyb
  3799 | D:3      | Noticed Natasha
  3803 | D:3      | Killed Natasha
  3804 | D:3      | Reached XP level 7. HP: 40/45 MP: 6/11
  3845 | D:3      | Found a glowing silver altar of Zin.
  4085 | D:3      | Noticed Natasha
  4093 | D:3      | Killed Natasha
  4661 | D:4      | Noticed a steam dragon
  4685 | D:4      | Killed a steam dragon
  4686 | D:4      | Reached skill level 5 in Conjurations
  4941 | D:4      | Reached skill level 5 in Stealth
  5646 | D:5      | Entered Level 5 of the Dungeon
  5840 | D:5      | Reached XP level 8. HP: 52/52 MP: 7/13
  6197 | D:5      | Reached skill level 5 in Invocations
  6426 | D:5      | Found a staircase to the Ecumenical Temple.
  6441 | D:5      | Learned a level 3 spell: Dazzling Flash
  6929 | D:6      | Slain by a wight

Illustrated notes

Levels and vault maps discovered:
D:1:      dpeg_arrival_orchard, layout_basic,
          ebering_ecumenical_altar_abandoned, minmay_box_of_dots
D:2:      layout_loops_ring, minmay_close_crescents
D:3:      layout_loops_ring, elyvilon_altar_1, zin_treasury, uniq_natasha,
          uniq_sigmund, uniq_ijyb
D:4:      minmay_general_purpose_star, layout_cave_pods
D:5:      layout_basic, minmay_temple_entry_gardened_gates,
          chequers_hall_statues_corner_a
D:6:      layout_gridville, kiku_gazebo_pond_becter

Skill      XL: |  1  2  3  4  5  6  7  8 |
---------------+-------------------------+-----
Stealth        | 3 4 5 |  5.8
Invocations    | 1 2 3 4 5 |  5.3
Fighting       | 1 2 3 |  3.7
Dodging        | 3 4 |  4.2
Spellcasting   | 3 |  3.7
Conjurations   | 5 |  5.4
Hexes          | |  0.1

Action                     |  1- 3 |  4- 6 |  7- 9 || total
---------------------------+-------+-------+-------++-------
  Melee: Short sword       |    18 |    33 |    79 ||   130
         Constrict         |     5 |     7 |    18 ||    30
         Unarmed           |     2 |       |       ||     2
         Tentacles         |     3 |     5 |    20 ||    28
         Punch             |       |       |     2 ||     2
   Cast: Magic Dart        |    45 |    10 |     2 ||    57
         Searing Ray       |     9 |    30 |    22 ||    61
 Invoke: Stomp             |     2 |     2 |     9 ||    13
    Use: Scroll            |     3 |     1 |       ||     4
         Potion            |       |       |     2 ||     2
   Stab: Sleeping          |     2 |     5 |     8 ||    15
         Paralysed         |       |     2 |     3 ||     5
 Armour: Skin              |     7 |    21 |    81 ||   109
  Dodge: Dodged            |    20 |    44 |    83 ||   147

Table legend: (Time is in decaauts)
 A = Elapsed time spent in this place.
 B = Non-inter-level travel time spent in this place.
 C = Inter-level travel time spent in this place.
 D = Time resting spent in this place.
 E = Time spent auto-exploring this place.
 F = Levels seen in this place.
 G = Mean time per level.
                   A        B        C        D        E       F      G
               +--------+--------+--------+--------+--------+-----+--------+
         Total |   6931 |   6535 |    396 |    963 |   4597 |   6 | 1155.2 |
       Dungeon |   6931 |   6535 |    396 |    963 |   4597 |   6 | 1155.2 |
               +--------+--------+--------+--------+--------+-----+--------+

Top non-repeatable levels by time:
     D:3: 1918 daAuts
     D:4: 1464 daAuts
     D:5: 1273 daAuts
     D:1: 1139 daAuts
     D:2: 1126 daAuts
     D:6: 8 daAuts
